[Event "Titled Tuesday Blitz December 20 Early 2022"]
[White "bardiya_Daneshvar"]
[Black "Hsu, Li Yang"]
[BlackFideId "5800080"]
[WhiteElo "2903"]
[BlackElo "2427"]
[Result "1-0"]
[Round "03"]
[TimeControl "180+2"]
[Date "2022.12.20"]
[WhiteClock "0:00:06"]
[BlackClock "0:00:03"]

1. b3 Nf6 2. Bb2 d5 3. g3 c6 4. Bg2 Bg4 5. Nf3 e6 6. d3 Be7 7. Nbd2 O-O 8. c4 Nbd7 9. O-O a5 10. a3 Bh5 11. Rc1 Ne8 12. Rc2 Bf6 13. Qa1 Bxb2 14. Qxb2 Qf6 15. d4 Bg6 16. Rcc1 Nd6 17. Ne5 Qe7 18. Nxg6 hxg6 19. c5 Nf5 20. e4 dxe4 21. Bxe4 Rfd8 22. Nc4 Nf6 23. Bxf5 gxf5 24. Rfe1 Nd5 25. Qd2 a4 26. b4 Rd7 27. Qc2 Qf6 28. Rcd1 g6 29. Nd6 b5 30. f4 Rad8 31. Qg2 Rc7 32. Re5 Ne7 33. g4 fxg4 34. Qxg4 Rcd7 35. Ne4 Qg7 36. Qg5 Rxd4 37. Rxd4 Rxd4 38. Qxe7 Qh6 39. Qg5 Rd1+ 40. Kg2 Qxg5+ 41. fxg5 Rd3 42. Nf6+ Kg7 43. Re4 Kf8 44. Rh4 Kg7 45. Rh7+ Kf8 46. Rh8+ Ke7 47. Re8# 1-0


[Site "https://www.chess.com"]

[Event "Titled Tuesday Blitz December 20 Early 2022"]
[White "bennyficial"]
[Black "DIMONBANAN"]
[WhiteElo "2145"]
[BlackElo "2416"]
[Result "0-1"]
[Round "03"]
[TimeControl "180+2"]
[Date "2022.12.20"]
[WhiteClock "0:01:01"]
[BlackClock "0:01:47"]

1. Nf3 d5 2. e3 Nf6 3. c4 e6 4. b3 Be7 5. Bb2 O-O 6. Qc2 b6 7. cxd5 Nxd5 8. Nc3 Bb7 9. Be2 Nd7 10. Nxd5 Bxd5 11. e4 Bb7 12. d4 c5 13. O-O Rc8 14. d5 exd5 15. exd5 Bxd5 16. Rad1 Be6 17. Ne5 Qc7 18. Qe4 Nf6 19. Qf3 Rfd8 20. Bb5 Rxd1 21. Rxd1 h6 22. Nc6 Bg4 23. Nxe7+ Qxe7 24. Bxf6 Bxf3 25. Bxe7 Bxd1 26. f4 Bg4 27. Kf2 Be6 28. Bd6 Rd8 0-1


[Site "https://www.chess.com"]

[Event "Titled Tuesday Blitz December 20 Early 2022"]
[White "cancrushyou"]
[Black "NodariousBIG"]
[WhiteElo "2530"]
[BlackElo "2823"]
[Result "0-1"]
[Round "03"]
[TimeControl "180+2"]
[Date "2022.12.20"]
[WhiteClock "0:00:04"]
[BlackClock "0:01:58"]

1. d4 e6 2. c4 b6 3. Nf3 Bb7 4. g3 f5 5. Bg2 Nf6 6. O-O a5 7. Nc3 Bb4 8. d5 Na6 9. Nd4 Bxc3 10. bxc3 Nc5 11. dxe6 Bxg2 12. exd7+ Qxd7 13. Kxg2 Nfe4 14. Qc2 O-O-O 15. Be3 g5 16. f3 f4 17. fxe4 fxe3 18. e5 Kb7 19. Qf5 Qa4 20. Qf3+ Ka6 21. Qxe3 Qxc4 22. e6 Rhe8 23. Rf6 Rd6 24. Raf1 Nxe6 25. Qd3 Qxd3 26. exd3 Nxd4 27. Rxd6 cxd6 28. cxd4 Re2+ 29. Kh3 Rd2 30. Rf6 Rxa2 31. Rxd6 Rd2 32. Kg4 a4 33. h4 gxh4 34. gxh4 a3 35. Rd8 Kb7 0-1


[Site "https://www.chess.com"]

[Event "Titled Tuesday Blitz December 20 Early 2022"]
[White "emeli_chess"]
[Black "Coachpoker"]
[WhiteElo "2405"]
[BlackElo "2626"]
[Result "0-1"]
[Round "03"]
[TimeControl "180+2"]
[Date "2022.12.20"]
[WhiteClock "0:00:08"]
[BlackClock "0:01:08"]

1. d4 d5 2. c4 dxc4 3. Nf3 Nf6 4. e3 e6 5. Bxc4 a6 6. a4 c5 7. O-O Nc6 8. Qe2 cxd4 9. Rd1 Be7 10. exd4 O-O 11. Nc3 Nb4 12. Ne5 Bd7 13. Bg5 Bc6 14. Nxc6 bxc6 15. Rd2 a5 16. Re1 Qc7 17. h4 Rad8 18. Ne4 Nxe4 19. Qxe4 h6 20. Bf4 Bd6 21. Be5 Bxe5 22. Qxe5 Qb6 23. Re3 Kh8 24. Rg3 Rg8 25. Rg4 Nd5 26. Rd3 Qxb2 27. Rdg3 Qc1+ 28. Kh2 f6 29. Qh5 Qxc4 30. Rxg7 Rxg7 31. Qxh6+ Rh7 0-1


[Site "https://www.chess.com"]

[Event "Titled Tuesday Blitz December 20 Early 2022"]
[White "exoticprincess"]
[Black "Meri-Arabidze"]
[WhiteElo "3057"]
[BlackElo "2730"]
[Result "1-0"]
[Round "03"]
[TimeControl "180+2"]
[Date "2022.12.20"]
[WhiteClock "0:00:09"]
[BlackClock "0:00:01"]

1. e4 c5 2. c3 e6 3. d4 d5 4. exd5 exd5 5. Bb5+ Nc6 6. Nf3 Bd6 7. dxc5 Bxc5 8. O-O Ne7 9. Nbd2 O-O 10. Nb3 Bb6 11. Nfd4 Bc7 12. Re1 Qd6 13. g3 Ng6 14. Bf1 a6 15. Bg2 Nce5 16. Nc2 Bg4 17. f3 Be6 18. Nbd4 Qd7 19. b3 Rfe8 20. Be3 Rad8 21. Qd2 h6 22. Rad1 Bh3 23. Bf2 Bxg2 24. Kxg2 Nc6 25. Rxe8+ Rxe8 26. Re1 Rxe1 27. Qxe1 Nge5 28. Qe2 Nxd4 29. Nxd4 g6 30. Be3 h5 31. Bf4 Nc6 32. Bxc7 Qxc7 33. Qe8+ Kg7 34. Qe3 Nxd4 35. Qxd4+ Kg8 36. a4 Qc6 37. Kf2 Qe6 38. a5 Qc6 39. h4 Qb5 40. b4 Qc6 41. Ke3 Qe6+ 42. Kf2 Qc6 43. Qe5 Qd7 44. Ke3 Qc6 45. Kd2 d4 46. cxd4 Qxf3 47. d5 Qf2+ 48. Kd3 Qf1+ 49. Kd2 Qf2+ 50. Kc3 Qf3+ 51. Kd4 Qf2+ 52. Qe3 Qb2+ 53. Kc5 Qf6 54. Qf4 Qd8 55. Qd6 Qc8+ 56. Kb6 Kg7 57. Qe5+ Kg8 58. Qc7 Qf5 59. d6 Qb5+ 60. Ka7 Qxb4 61. d7 Qd4+ 62. Ka8 Qd5 63. d8=Q+ 1-0


[Site "https://www.chess.com"]

[Event "Titled Tuesday Blitz December 20 Early 2022"]
[White "gammagramma"]
[Black "Eloisa Navez, Angel"]
[BlackFideId "5117305"]
[WhiteElo "2716"]
[BlackElo "1942"]
[Result "1-0"]
[Round "03"]
[TimeControl "180+2"]
[Date "2022.12.20"]
[WhiteClock "0:00:18"]
[BlackClock "0:00:05"]

1. Nf3 Nf6 2. d4 e6 3. c4 b6 4. a3 Ba6 5. Qc2 Bb7 6. Nc3 c5 7. e4 cxd4 8. Nxd4 Bc5 9. Nb3 Nc6 10. Bf4 O-O 11. Nxc5 bxc5 12. Bd6 Nd4 13. Qd3 Re8 14. Be2 e5 15. b4 cxb4 16. axb4 Re6 17. c5 Ne8 18. Bg4 Nxd6 19. Bxe6 dxe6 20. cxd6 Qxd6 21. O-O Qxb4 22. Rfb1 Qxc3 23. Qxc3 Ne2+ 24. Kf1 Nxc3 25. Rxb7 Nxe4 26. Raxa7 Rf8 27. Rb5 Nf6 28. Rxe5 Nd5 29. Re2 g6 30. Rea2 Kg7 31. Ra8 Rxa8 32. Rxa8 h5 33. Ke2 Kf6 34. Ra7 g5 35. Kf3 Nf4 36. h4 Nd5 37. hxg5+ Kg6 38. Ke4 Nc3+ 39. Ke5 Nd1 40. f4 Ne3 41. g3 Nf5 42. Ra3 Ne7 43. Ra8 Nf5 44. Ra3 Ne7 45. Ke4 Nf5 46. Kf3 Ne7 47. Kg2 Nf5 48. Kh3 Ne7 49. Ra4 Nf5 50. Ra7 Ne3 51. Rd7 Nf5 52. g4 hxg4+ 53. Kxg4 Ne3+ 54. Kf3 Nf5 55. Ke4 Ng7 56. Ke5 Nf5 57. Rd1 Ng7 58. Rh1 Nf5 59. Rh3 Kg7 60. Rh2 Kg6 61. Ra2 Kg7 62. Ra8 Kg6 63. Rg8+ Kh7 64. Rf8 Kg7 65. Rb8 Kg6 66. Rb4 Kg7 67. Ke4 Kg6 68. Kd3 Nd6 69. Kd4 Nf5+ 70. Kc5 e5 71. fxe5 Kxg5 72. Kd5 Ne7+ 73. Kd6 Ng6 74. Rb1 Nf4 75. Rf1 1-0


[Site "https://www.chess.com"]

[Event "Titled Tuesday Blitz December 20 Early 2022"]
[White "gisela_roque"]
[Black "harperchesstt"]
[WhiteElo "2096"]
[BlackElo "2366"]
[Result "0-1"]
[Round "03"]
[TimeControl "180+2"]
[Date "2022.12.20"]
[WhiteClock "0:01:18"]
[BlackClock "0:01:17"]

1. e4 c5 2. Nf3 d6 3. d4 cxd4 4. Nxd4 Nf6 5. Nc3 g6 6. Be3 Bg7 7. Bc4 O-O 8. Bb3 Ng4 9. Bg5 h6 10. Bh4 Nc6 11. Nxc6 bxc6 12. O-O Ne5 13. Kh1 g5 14. Bg3 Ng6 15. Qh5 Kh7 16. f4 Nxf4 17. Bxf4 gxf4 18. Bxf7 e5 19. Rad1 Qf6 20. Bb3 Ba6 21. Rf3 Rad8 22. Re1 Qg5 23. Qh3 Rf6 24. Nd1 Bc8 0-1


[Site "https://www.chess.com"]

[Event "Titled Tuesday Blitz December 20 Early 2022"]
[White "guillembaches"]
[Black "stollenmonster"]
[WhiteElo "2464"]
[BlackElo "2932"]
[Result "0-1"]
[Round "03"]
[TimeControl "180+2"]
[Date "2022.12.20"]
[WhiteClock "0:00:06"]
[BlackClock "0:01:13"]

1. e4 c5 2. Nf3 Nf6 3. e5 Nd5 4. g3 Nc6 5. Bg2 g6 6. O-O Bg7 7. Qe2 O-O 8. Nc3 e6 9. Ne4 b6 10. Nd6 Qc7 11. Nxc8 Raxc8 12. Re1 d6 13. exd6 Qxd6 14. d3 Nd4 15. Qd1 h6 16. c3 Nxf3+ 17. Qxf3 Rfd8 18. Bd2 b5 19. Rad1 a5 20. a3 b4 21. axb4 axb4 22. Rc1 bxc3 23. bxc3 Ne7 24. Bf1 Rb8 25. Rb1 Nd5 26. c4 Rxb1 27. Rxb1 Nb4 28. Bxb4 cxb4 29. h4 h5 30. Qe4 Bc3 31. Be2 Qa6 32. Bd1 Qa2 33. Rb3 Qd2 34. Qe2 Rxd3 35. Qxd2 Rxd2 36. Bf3 Kf8 37. c5 Ke7 38. c6 Kd6 39. Rb1 f5 40. Kf1 e5 41. Rd1 Rxd1+ 42. Bxd1 Kxc6 43. Bb3 e4 44. Bf7 Kd6 45. Bxg6 b3 46. Bf7 b2 47. Ba2 Ke5 48. Ke2 Bb4 49. Bb1 Kd4 50. f3 Bd6 51. fxe4 fxe4 52. Kf2 e3+ 53. Kf3 Be7 54. Bf5 Bc5 55. Bb1 Kc3 56. Bf5 Kd2 0-1


[Site "https://www.chess.com"]

[Event "Titled Tuesday Blitz December 20 Early 2022"]
[White "lamomiajunior"]
[Black "Pastana, Rafael Pedroni"]
[BlackFideId "2140756"]
[WhiteElo "2526"]
[BlackElo "1978"]
[Result "1-0"]
[Round "03"]
[TimeControl "180+2"]
[Date "2022.12.20"]
[WhiteClock "0:00:30"]
[BlackClock "0:01:03"]

1. d4 Nf6 2. c4 e6 3. Nc3 Bb4 4. f3 O-O 5. e4 c5 6. d5 d6 7. Bd3 Bxc3+ 8. bxc3 b5 9. Bg5 bxc4 10. Bxc4 h6 11. Bh4 Ba6 12. Bxa6 Nxa6 13. dxe6 fxe6 14. Ne2 Nc7 15. O-O Qd7 16. Bxf6 Rxf6 17. e5 Rf5 18. Qxd6 Qxd6 19. exd6 Nb5 20. Ng3 Rf7 21. Ne4 Rd8 22. a4 Nxd6 23. Rfd1 Nb7 24. Rxd8+ Nxd8 25. Nxc5 Rc7 26. Ne4 Kf7 27. Rb1 Nc6 28. Rb5 Ne7 29. Kf2 Nd5 30. Ra5 Nxc3 31. Nxc3 Rxc3 32. Rxa7+ Kf6 33. Kg3 Rc2 34. h4 g5 35. h5 Rc4 36. a5 Rh4 37. Ra8 Rxh5 38. a6 g4 39. a7 1-0


[Site "https://www.chess.com"]

[Event "Titled Tuesday Blitz December 20 Early 2022"]
[White "larsmandreassen"]
[Black "MalyDominator"]
[WhiteElo "2215"]
[BlackElo "2428"]
[Result "1-0"]
[Round "03"]
[TimeControl "180+2"]
[Date "2022.12.20"]
[WhiteClock "0:00:28"]
[BlackClock "0:00:02"]

1. d4 Nf6 2. Nf3 e6 3. c4 Bb4+ 4. Nc3 d5 5. Bg5 h6 6. Bxf6 Qxf6 7. e3 O-O 8. Bd3 Bxc3+ 9. bxc3 c6 10. O-O b6 11. e4 Ba6 12. cxd5 cxd5 13. e5 Qe7 14. Bxa6 Nxa6 15. Qd3 Qb7 16. a4 Rac8 17. Rfb1 Rc4 18. Nd2 Rc7 19. a5 Nb8 20. axb6 axb6 21. c4 dxc4 22. Nxc4 Nd7 23. Ra4 Rfc8 24. Rab4 Qd5 25. Ne3 Rc1+ 26. Nf1 Nxe5 27. Qd2 R1c2 28. Qd1 Nd7 29. Ne3 Qe4 30. Nxc2 Rxc2 31. h3 Qf5 32. Qe1 h5 33. Rb5 Qg6 34. Qe3 h4 35. Rd1 Qf6 36. d5 exd5 37. Rbxd5 Nc5 38. Rd8+ Kh7 39. R8d6 Qb2 40. Qf3 Rc1 41. Qh5+ Kg8 42. Rd8# 1-0


[Site "https://www.chess.com"]

[Event "Titled Tuesday Blitz December 20 Early 2022"]
[White "manitodeplomo"]
[Black "Chernov_Mikhail"]
[WhiteElo "2639"]
[BlackElo "2398"]
[Result "1-0"]
[Round "03"]
[TimeControl "180+2"]
[Date "2022.12.20"]
[WhiteClock "0:01:56"]
[BlackClock "0:01:18"]

1. d4 d5 2. c4 c6 3. Nf3 Nf6 4. Nc3 e6 5. Bg5 dxc4 6. e4 b5 7. a4 Bb4 8. e5 h6 9. exf6 hxg5 10. fxg7 Rg8 11. g3 Bb7 12. Bg2 a6 13. O-O Nd7 14. Ne5 Nxe5 15. dxe5 Qxd1 16. Rfxd1 Bxc3 17. bxc3 Rd8 18. Rd6 Rxd6 19. exd6 Rxg7 20. axb5 axb5 21. Ra7 f6 22. Bxc6+ Bxc6 23. Rxg7 1-0


[Site "https://www.chess.com"]

[Event "Titled Tuesday Blitz December 20 Early 2022"]
[White "newyorkmouse"]
[Black "Sokolov, Ivan"]
[BlackFideId "14400030"]
[WhiteElo "2457"]
[BlackElo "2590"]
[Result "1/2-1/2"]
[Round "03"]
[TimeControl "180+2"]
[Date "2022.12.20"]
[WhiteClock "0:00:36"]
[BlackClock "0:00:54"]

1. d4 d6 2. c4 e5 3. Nc3 exd4 4. Qxd4 Nc6 5. Qd2 g6 6. b3 Bg7 7. Bb2 Nf6 8. g3 O-O 9. Bg2 Bf5 10. Nf3 Ne4 11. Nxe4 Bxe4 12. O-O Re8 13. Bxg7 Kxg7 14. Nd4 Bxg2 15. Kxg2 Nxd4 16. Qxd4+ Qf6 17. Qxf6+ Kxf6 18. Kf3 a5 19. a3 Re5 20. Rfd1 Rae8 21. e3 Rf5+ 22. Ke2 h5 23. Rd4 b6 24. Rf4 Rxf4 25. gxf4 Kf5 26. Kf3 Ke6 27. Rd1 c6 28. e4 Rb8 29. Rd3 b5 30. cxb5 Rxb5 31. Ke3 Rc5 32. Kd2 a4 33. b4 Rc4 34. f3 f5 35. Rc3 Rd4+ 36. Rd3 Rc4 37. Rc3 Rd4+ 38. Rd3 Rc4 1/2-1/2


[Site "https://www.chess.com"]

[Event "Titled Tuesday Blitz December 20 Early 2022"]
[White "nikitakhoroshev"]
[Black "rasmussvane"]
[WhiteElo "2709"]
[BlackElo "2949"]
[Result "0-1"]
[Round "03"]
[TimeControl "180+2"]
[Date "2022.12.20"]
[WhiteClock "0:00:13"]
[BlackClock "0:00:12"]

1. d4 Nf6 2. c4 e6 3. Nf3 h6 4. Nc3 Bb4 5. Qb3 a5 6. Bd2 b6 7. e3 Bb7 8. Be2 O-O 9. O-O d6 10. Qc2 Nbd7 11. Rfd1 Qe7 12. Nb5 Bxd2 13. Nxd2 c6 14. Nc3 c5 15. Bf3 d5 16. cxd5 exd5 17. Qf5 Qe6 18. Qxe6 fxe6 19. Rac1 Rfc8 20. Be2 e5 21. dxe5 Nxe5 22. Nf3 Nf7 23. Bb5 Nd6 24. Bf1 Rd8 25. Na4 Nd7 26. b3 Bc6 27. Nc3 Nf6 28. Ne5 Bb7 29. Na4 Nc8 30. Bb5 Ba6 31. Bxa6 Rxa6 32. Nc3 Ne7 33. Nb5 Raa8 34. f3 Rac8 35. Kf2 Nc6 36. Nxc6 Rxc6 37. Rd3 Kf7 38. Rcd1 Re8 39. h3 Re7 40. g4 g5 41. h4 Rce6 42. h5 d4 43. e4 Nd7 44. Nc7 Ne5 45. Nxe6 Nxd3+ 46. Rxd3 Kxe6 47. Kg3 Ke5 48. a4 Rc7 49. Rd1 c4 50. bxc4 Rxc4 51. Rb1 Rb4 52. Rc1 d3 53. Kf2 Kf4 54. Rc6 Rb2+ 55. Kf1 Ke3 56. e5 Rb1+ 57. Kg2 d2 58. Rd6 d1=Q 59. Rxd1 Rxd1 60. e6 Rd6 0-1


[Site "https://www.chess.com"]

[Event "Titled Tuesday Blitz December 20 Early 2022"]
[White "pedromartinez91"]
[Black "icychess54"]
[WhiteElo "2488"]
[BlackElo "2186"]
[Result "0-1"]
[Round "03"]
[TimeControl "180+2"]
[Date "2022.12.20"]
[WhiteClock "0:00:01"]
[BlackClock "0:00:13"]

1. d4 d5 2. Bf4 c6 3. c3 Nf6 4. Nd2 Bf5 5. Ngf3 Nbd7 6. e3 Nh5 7. Bg5 h6 8. Bh4 g5 9. Bg3 Nxg3 10. hxg3 Bg7 11. a4 a5 12. Be2 Qc7 13. c4 e5 14. cxd5 e4 15. Ng1 cxd5 16. Rc1 Qb6 17. Bb5 O-O 18. Ne2 Nb8 19. Nc3 Be6 20. Nb3 Nc6 21. Nc5 Nb4 22. O-O Rac8 23. Bd7 Rc7 24. Bb5 Rfc8 25. Qh5 Bf8 26. Nxe6 Qxe6 27. f3 exf3 28. Rxf3 g4 29. Rf2 Qxe3 30. Qxg4+ Bg7 31. Rd1 Nc6 32. Nxd5 Qb3 33. Nxc7 Rxc7 34. Rd3 Qa2 35. Kh2 Nb4 36. Rdf3 Qb1 37. Qh5 Rc1 38. Qxf7+ Kh8 39. Qe8+ Kh7 40. g4 Rh1+ 41. Kg3 Qg6 42. Qxg6+ Kxg6 43. Be8+ Kh7 44. d5 Be5+ 45. Rf4 Nd3 46. Bd7 Nxf2 47. Bf5+ Kg7 48. d6 Bxd6 49. Kf3 Bxf4 50. Kxf4 Nd1 51. Ke5 Nxb2 52. Kd6 Nxa4 53. Kc7 Nc3 0-1


[Site "https://www.chess.com"]

[Event "Titled Tuesday Blitz December 20 Early 2022"]
[White "pheonixking2000"]
[Black "Klose, Eli"]
[BlackFideId "16242955"]
[WhiteElo "2806"]
[BlackElo "1519"]
[Result "1/2-1/2"]
[Round "03"]
[TimeControl "180+2"]
[Date "2022.12.20"]
[WhiteClock "0:00:06"]
[BlackClock "0:00:12"]

1. d4 Nf6 2. Bf4 c5 3. d5 b5 4. f3 d6 5. e4 a6 6. a4 b4 7. Nd2 g6 8. Nc4 Bg7 9. a5 O-O 10. Bd3 Bd7 11. Ne2 Bb5 12. Nb6 Ra7 13. c4 bxc3 14. bxc3 Bxd3 15. Qxd3 Nbd7 16. Rb1 Nh5 17. Bd2 Ne5 18. Qc2 Rb7 19. O-O Nd7 20. Qd3 Nxb6 21. Qxa6 Qa8 22. Rxb6 Ra7 23. Qd3 Rxa5 24. g4 Nf6 25. Rc6 Nd7 26. f4 Qa7 27. Be3 Nb8 28. e5 Nxc6 29. dxc6 Qa6 30. c4 Qxc6 31. Nc3 dxe5 32. Nd5 Ra7 33. f5 e6 34. f6 exd5 35. fxg7 Kxg7 36. cxd5 Qd6 37. Qd2 Rd7 38. Bh6+ Kg8 39. Rd1 f6 40. Bxf8 Qxf8 41. d6 Qf7 42. h3 Qe6 43. Qb2 Kg7 44. Qb6 Qc4 45. Qc6 Qe6 46. Qxc5 h5 47. Qb4 hxg4 48. hxg4 e4 49. Rd2 Qxg4+ 50. Rg2 Qd1+ 51. Kf2 Qxd6 52. Qxe4 Qd4+ 53. Qxd4 Rxd4 54. Ke3 Ra4 55. Rb2 g5 56. Rb8 Kg6 57. Kf3 Kf5 58. Rb5+ Kg6 59. Rb8 Ra3+ 60. Ke4 Ra4+ 61. Kf3 1/2-1/2


[Site "https://www.chess.com"]

[Event "Titled Tuesday Blitz December 20 Early 2022"]
[White "politeplayer"]
[Black "Edam, Michael"]
[BlackFideId "24613231"]
[WhiteElo "2244"]
[BlackElo "2023"]
[Result "0-1"]
[Round "03"]
[TimeControl "180+2"]
[Date "2022.12.20"]
[WhiteClock "0:00:03"]
[BlackClock "0:00:28"]

1. e4 c5 2. Nf3 e6 3. d4 cxd4 4. Nxd4 Nc6 5. Nc3 Nf6 6. Ndb5 Bc5 7. Bf4 O-O 8. Bc7 Qe7 9. Bd6 Bxd6 10. Qxd6 Qd8 11. Nc7 Rb8 12. Bb5 a6 13. Bxc6 dxc6 14. N7b5 Bd7 15. Nd4 Qb6 16. O-O-O Rbd8 17. Qg3 c5 18. Nf3 Bc6 19. e5 Ne4 20. Nxe4 Bxe4 21. Ng5 Bg6 22. h4 h6 23. h5 Bf5 24. Nf3 Rd5 25. Rxd5 exd5 26. Nh4 Qe6 27. Rd1 Bh7 28. Qf4 Re8 29. Nf3 d4 30. Kb1 Qc4 31. Qd2 Be4 32. b3 Qd5 33. Re1 Bxf3 34. gxf3 Rxe5 35. Rxe5 Qxe5 36. f4 Qe4 37. Qa5 Qxf4 38. Qxc5 Qe4 39. a4 Qe1+ 40. Ka2 Qxf2 0-1


[Site "https://www.chess.com"]

[Event "Titled Tuesday Blitz December 20 Early 2022"]
[White "queen_iryna"]
[Black "Shironin, Daniil Aleks"]
[BlackFideId "55812198"]
[WhiteElo "2354"]
[BlackElo "2115"]
[Result "1-0"]
[Round "03"]
[TimeControl "180+2"]
[Date "2022.12.20"]
[WhiteClock "0:01:34"]
[BlackClock "0:01:19"]

1. e4 c5 2. Nf3 e6 3. c4 b6 4. Nc3 Bb7 5. Be2 Nf6 6. e5 Ng8 7. O-O d6 8. d4 cxd4 9. Qxd4 Nc6 10. Qe4 Na5 11. Qf4 Nh6 12. b3 Be7 13. Bb2 O-O 14. Rad1 dxe5 15. Nxe5 Qc7 16. Nb5 Qb8 17. Qg3 Nf5 18. Qg4 Bf6 19. Nd7 Qd8 20. Bxf6 1-0


[Site "https://www.chess.com"]

[Event "Titled Tuesday Blitz December 20 Early 2022"]
[White "romulocardoso"]
[Black "Willychess95"]
[WhiteElo "2390"]
[BlackElo "2661"]
[Result "0-1"]
[Round "03"]
[TimeControl "180+2"]
[Date "2022.12.20"]
[WhiteClock "0:00:10"]
[BlackClock "0:01:34"]

1. e4 c5 2. Nf3 d6 3. d4 cxd4 4. Nxd4 Nf6 5. Nc3 g6 6. f3 a6 7. Be3 b5 8. Qd2 Bb7 9. O-O-O h5 10. Nb3 Nbd7 11. Bd4 Rc8 12. Nd5 Bxd5 13. exd5 Bg7 14. Kb1 Qc7 15. Bc3 O-O 16. Bd3 Nb6 17. Qg5 Nbxd5 18. Ba5 Qa7 19. Rhe1 e5 20. Be4 Nf4 21. Rxd6 Nh7 22. Qg3 h4 23. Qxh4 Nxg2 24. Qg3 Nxe1 25. Qxe1 Nf6 26. Bb6 Qe7 27. Qd2 Nxe4 28. fxe4 Qh4 29. Nc5 Bh6 30. Qg2 0-1


[Site "https://www.chess.com"]

[Event "Titled Tuesday Blitz December 20 Early 2022"]
[White "santosalberto1987"]
[Black "Sunny_Star"]
[WhiteElo "2495"]
[BlackElo "2241"]
[Result "0-1"]
[Round "03"]
[TimeControl "180+2"]
[Date "2022.12.20"]
[WhiteClock "0:00:17"]
[BlackClock "0:00:04"]

1. d4 Nf6 2. Nf3 g6 3. Bf4 Bg7 4. e3 d6 5. h3 Nbd7 6. c3 O-O 7. Be2 Re8 8. O-O c6 9. a4 Qb6 10. a5 Qc7 11. Bh2 Rb8 12. Nbd2 b5 13. axb6 axb6 14. e4 e5 15. dxe5 Nxe5 16. Nxe5 dxe5 17. Qc2 b5 18. Rfd1 Qb6 19. c4 b4 20. c5 Qc7 21. Nc4 Nd7 22. Nd6 Re7 23. Bg4 h5 24. Nxc8 Rxc8 25. Bxd7 Rxd7 26. Rxd7 Qxd7 27. Rd1 Qb7 28. Qc4 b3 29. Rd6 Ra8 30. Bg3 Ra2 31. Kh2 Rxb2 32. Rxg6 Rc2 33. Rxg7+ Kxg7 34. Bxe5+ f6 35. Qe6 fxe5 36. Qxe5+ Kf7 37. Qxh5+ Kg8 38. Qg6+ Qg7 39. Qe6+ Qf7 40. Qg4+ Kf8 41. Qc8+ Kg7 42. Qg4+ Qg6 43. Qd7+ Kh6 44. Qe7 Rxf2 45. Qh4+ Kg7 46. Qxf2 Qf7 47. Qd4+ Kf8 48. e5 Qe6 49. Kg3 Qd5 50. Qxd5 cxd5 51. c6 Ke7 52. e6 Kxe6 53. h4 b2 54. h5 b1=Q 55. Kg4 Qd3 56. Kg5 Qf5+ 57. Kh6 Kf6 58. c7 Qg5+ 59. Kh7 Qg7# 0-1


[Site "https://www.chess.com"]

[Event "Titled Tuesday Blitz December 20 Early 2022"]
[White "sergeikim"]
[Black "fks_stal_mielec"]
[WhiteElo "2606"]
[BlackElo "2284"]
[Result "1-0"]
[Round "03"]
[TimeControl "180+2"]
[Date "2022.12.20"]
[WhiteClock "0:00:56"]
[BlackClock "0:00:20"]

1. d4 Nf6 2. c4 e6 3. Nc3 Bb4 4. Qc2 c5 5. dxc5 Nc6 6. Nf3 O-O 7. Bd2 Bxc5 8. e3 d5 9. a3 a6 10. Be2 dxc4 11. Bxc4 b6 12. O-O Bb7 13. Rfd1 Qe7 14. Be1 Na5 15. Ba2 Rac8 16. b4 Bxb4 17. axb4 Qxb4 18. Qa4 Qc5 19. Qh4 h6 20. Qg3 Qe7 21. Qd6 Qxd6 22. Rxd6 Nc4 23. Bxc4 Rxc4 24. Rxb6 Bxf3 25. gxf3 Rfc8 26. Ne2 Nd5 27. Rbxa6 e5 28. Ra8 Rxa8 29. Rxa8+ Kh7 30. Ra5 Ne7 31. Rxe5 Ng6 32. Re4 Rc2 33. Kf1 f5 34. Nd4 Rc5 35. Re6 f4 36. Rc6 Rc1 37. Rxc1 1-0


[Site "https://www.chess.com"]

[Event "Titled Tuesday Blitz December 20 Early 2022"]
[White "supertfc"]
[Black "TheoSlade"]
[WhiteElo "2268"]
[BlackElo "2571"]
[Result "0-1"]
[Round "03"]
[TimeControl "180+2"]
[Date "2022.12.20"]
[WhiteClock "0:00:50"]
[BlackClock "0:01:14"]

1. e4 e5 2. Nf3 Nc6 3. Bc4 Bc5 4. O-O Nf6 5. d3 O-O 6. c3 d6 7. Nbd2 Re8 8. Re1 Be6 9. a4 a5 10. Bb5 Bd7 11. h3 Ne7 12. Bc4 Ng6 13. Ng5 Re7 14. Qb3 Qf8 15. Nxf7 Rxf7 16. Qxb7 Bb6 17. Nf3 Ra7 18. Qxa7 Bxa7 19. Ng5 Be8 20. Nxf7 Bxf7 21. Bxf7+ Qxf7 22. Be3 Bxe3 23. Rxe3 Nf4 24. b4 Qg6 25. g3 Nxh3+ 26. Kg2 Nf4+ 27. Kf1 Qh5 28. Kg1 Ng4 0-1


[Site "https://www.chess.com"]

[Event "Titled Tuesday Blitz December 20 Early 2022"]
[White "talaicito"]
[Black "Rosenberg, Sergei G"]
[BlackFideId "4102444"]
[WhiteElo "2293"]
[BlackElo "2418"]
[Result "1-0"]
[Round "03"]
[TimeControl "180+2"]
[Date "2022.12.20"]
[WhiteClock "0:00:14"]
[BlackClock "0:00:10"]

1. d4 d5 2. Bf4 c5 3. e3 Nc6 4. Nc3 cxd4 5. exd4 a6 6. Nf3 Bg4 7. Be2 Bxf3 8. Bxf3 e6 9. O-O Nf6 10. Re1 Be7 11. Ne2 O-O 12. c3 b5 13. a3 a5 14. Ng3 b4 15. Qa4 Rc8 16. axb4 axb4 17. h4 bxc3 18. bxc3 Bd6 19. Be5 Bxe5 20. dxe5 Nd7 21. Qf4 Nc5 22. Rad1 Na5 23. Nh5 Kh8 24. Be2 Ne4 25. Bd3 g5 26. Qg4 Nxc3 27. Nf6 Rg8 28. Qh5 Rg7 29. Bxh7 Qxf6 30. exf6 Rxh7 31. Qxg5 Nxd1 32. Rxd1 Nc4 33. Rc1 Rg8 34. Qf4 e5 35. Qf5 Nd6 36. Qd7 Ne4 37. Qxd5 Nxf6 38. Qxe5 Rh6 39. Rc6 Rgg6 40. Rc8+ Kg7 41. h5 Rxh5 42. Qe7 Rhg5 43. Qf8+ Kh7 44. Qh8# 1-0


[Site "https://www.chess.com"]

[Event "Titled Tuesday Blitz December 20 Early 2022"]
[White "temiksmozg"]
[Black "Rostolis, Riccardo"]
[BlackFideId "819948"]
[WhiteElo "2549"]
[BlackElo "1968"]
[Result "0-1"]
[Round "03"]
[TimeControl "180+2"]
[Date "2022.12.20"]
[WhiteClock "0:00:01"]
[BlackClock "0:00:27"]

1. e4 Nf6 2. e5 Nd5 3. c4 Nb6 4. a4 d6 5. a5 N6d7 6. e6 fxe6 7. d4 Nf6 8. Bd3 Nc6 9. Be3 e5 10. d5 Nb8 11. h3 e6 12. Nc3 Na6 13. g4 g6 14. Qc2 Qe7 15. Nf3 Bg7 16. O-O-O Bd7 17. Na2 c6 18. dxc6 Bxc6 19. Be2 O-O 20. Rhg1 Rac8 21. Kb1 Be4 22. Rd3 Bxd3 23. Bxd3 d5 24. Nd2 e4 25. Be2 Nb4 26. Nxb4 Qxb4 27. Bxa7 Nd7 28. Rc1 Qxa5 29. Be3 Ra8 30. Qb3 d4 31. Bg5 d3 32. Bxd3 exd3 33. Be7 Qa1# 0-1


[Site "https://www.chess.com"]

[Event "Titled Tuesday Blitz December 20 Early 2022"]
[White "viditchess"]
[Black "sofaceindisguise"]
[WhiteElo "2986"]
[BlackElo "2741"]
[Result "1/2-1/2"]
[Round "03"]
[TimeControl "180+2"]
[Date "2022.12.20"]
[WhiteClock "0:00:15"]
[BlackClock "0:00:23"]

1. d4 Nf6 2. Nf3 e6 3. Bf4 c5 4. e3 b6 5. h3 Bb7 6. c3 d5 7. Bb5+ Bc6 8. a4 a6 9. Bd3 Bd6 10. Ne5 O-O 11. Nd2 Qc7 12. Bg3 Nbd7 13. f4 Ne4 14. Bxe4 dxe4 15. O-O b5 16. axb5 axb5 17. Rxa8 Rxa8 18. Qc2 f5 19. Bh4 Bd5 20. Qd1 cxd4 21. exd4 Nxe5 22. fxe5 Bf8 23. Qe2 Qb7 24. g4 g6 25. gxf5 exf5 26. Kh2 Ra2 27. Rb1 Bh6 28. Nf1 f4 29. Qg4 e3 30. Bg5 Bxg5 31. Qxg5 Be4 32. Qd8+ Kf7 33. Qf6+ Kg8 34. Qd8+ Kg7 35. Qf6+ Kg8 36. Qd8+ 1/2-1/2


[Site "https://www.chess.com"]